 Dungeon Crawl Stone Soup version 0.30-a0-778-g2ef04afb54 (webtiles) character file.

Game seed: 8961725609276297281

135846 RepoMan the Sensei (level 16, -11/103 HPs)
             Began as a Vampire Monk on Feb 15, 2023.
             Was a High Priest of Wu Jian.
             Mangled by a salamander tyrant (26 damage)
             ... on level 4 of the Snake Pit on Feb 16, 2023.
             The game lasted 03:33:13 (36842 turns).

RepoMan the Sensei (Vampire Monk)                  Turns: 36842, Time: 03:33:14

Health: -11/103    AC:  0    Str: 14    XL:     16   Next: 65%
Magic:  16/16      EV: 39    Int: 14    God:    Wu Jian [*****.]
Gold:   1946       SH:  5    Dex: 24    Spells: 15/15 levels left

rFire   . . .      SeeInvis +      - Unarmed
rCold   + + .      Faith    .    (shield currently unavailable)
rNeg    + + +      Spirit   .    (body armour currently unavailable)
rPois   ∞          Reflect  +    (helmet currently unavailable)
rElec   .          Harm     .    (cloak currently unavailable)
rCorr   .          Rampage  .    (gloves currently unavailable)
Will    +....                    (boots currently unavailable)
Stlth   ++++++                   m - amulet of reflection
HPRegen 0.00/turn                (ring currently unavailable)
MPRegen 0.15/turn                (ring currently unavailable)

@: exhausted, about to teleport, bat-form, weakened, flying, bloodless,
inhibited regen, very quick
A: fast, flying, no casting, tiny, bloodless, fangs 3, see invisible, vampiric 2
a: Revivify, End Transformation, Renounce Religion, Wall Jump, Serpent's Lash,
Heavenly Storm


You were on level 4 of the Snake Pit.
You worshipped Wu Jian.
Wu Jian was extremely pleased with you.
You were a vampire bat.
You visited 6 branches of the dungeon, and saw 28 of its levels.
You also visited: Ossuary, Gauntlet and Ice Cave.

You collected 2458 gold pieces.
You spent 512 gold pieces at shops.

Inventory:

Armour
 a - a +0 robe (melded)
Jewellery
 m - an amulet of reflection (around neck)
 C - an amulet of the acrobat
 J - an amulet of guardian spirit
 K - the amulet of the Death Scarab {Faith SInv}
   (You found it in a Gauntlet)

   [amulet of faith]

   It allows you to gain divine favour quickly.
   SInv:      It lets you see invisible.
Wands
 k - a wand of flame (46)
 u - a wand of iceblast (12)
 y - a wand of mindburst (3)
 H - a wand of paralysis (10)
 L - a wand of polymorph (6)
 M - a wand of digging (4)
Scrolls
 c - a scroll of immolation
 d - 2 scrolls of brand weapon
 e - a scroll of magic mapping {unknown}
 f - 2 scrolls of butterflies
 g - 3 scrolls of teleportation
 h - 3 scrolls of fog
 o - 3 scrolls of enchant weapon
 q - 3 scrolls of fear
 t - 6 scrolls of amnesia
 v - a scroll of vulnerability
 x - 2 scrolls of enchant armour
 A - 4 scrolls of noise
Potions
 b - a potion of ambrosia
 j - a potion of resistance {unknown}
 l - 6 potions of curing
 n - 4 potions of attraction
 p - 4 potions of magic
 w - 5 potions of flight
 z - 5 potions of cancellation
 B - a potion of invisibility
 G - 2 potions of mutation {unknown}
 I - 4 potions of haste {unknown}
Miscellaneous
 E - a condenser vane


   Skills:
 * Level 12.6 Fighting
 + Level 16.0 Dodging
 - Level 7.7 Stealth
 + Level 22.4 Unarmed Combat
 + Level 9.7 Evocations


You had 15 spell levels left.
You didn't know any spells.
Your spell library contained the following spells:

 Spells                   Type           Power      Damage    Failure   Level
 Shock                    Conj/Air       0%         1d3       28%         1
 Sting                    Tmut/Pois      0%         1d3       28%         1
 Blink                    Tloc           0%         N/A       41%         2
 Cigotuvi's Dreadful Rot  Necr/Pois/Air  0%         N/A       41%         2
 Ensorcelled Hibernation  Hex/Ice        0%         N/A       41%         2
 Lesser Beckoning         Tloc           0%         N/A       41%         2
 Momentum Strike          Conj/Tloc      0%         3d8       41%         2
 Passwall                 Tmut/Erth      0%         N/A       41%         2
 Poisonous Vapours        Pois/Air       0%         N/A       41%         2
 Sublimation of Blood     Necr           0%         N/A       41%         2
 Dazzling Flash           Conj/Hex       0%         N/A       65%         3
 Gell's Gravitas          Tloc           0%         N/A       65%         3
 Ignite Poison            Fire/Tmut/Pois 0%         N/A       65%         3
 Kindle Blastsparks       Fire/Tloc/Air  0%         2d10      65%         3
 Mephitic Cloud           Conj/Pois/Air  0%         N/A       65%         3
 Portal Projectile        Hex/Tloc       0%         N/A       65%         3
 Spider Form              Tmut/Pois      0%         N/A       65%         3
 Swiftness                Air            0%         N/A       65%         3
 Teleport Other           Tloc           0%         N/A       65%         3
 Tukima's Dance           Hex            0%         N/A       65%         3
 Airstrike                Air            0%         2d(0-16)  96%         4
 Anguish                  Hex/Necr       0%         N/A       96%         4
 Fulminant Prism          Conj/Hex       0%         3d5       96%         4
 Iskenderun's Mystic Bla  Conj/Tloc      0%         2d3       96%         4
 Olgreb's Toxic Radiance  Pois           0%         N/A       96%         4
 Petrify                  Tmut/Erth      0%         N/A       96%         4
 Sticky Flame             Conj/Fire      0%         2d3       96%         4
 Agony                    Necr           0%         N/A       100%        5
 Blade Hands              Tmut           0%         N/A       100%        5
 Freezing Cloud           Conj/Ice/Air   0%         6-21      100%        5
 Irradiate                Conj/Tmut      0%         3d11      100%        5
 Lee's Rapid Deconstruct  Erth           0%         3d4*      100%        5
 Metabolic Englaciation   Hex/Ice        0%         N/A       100%        5
 Silence                  Hex/Air        0%         N/A       100%        5
 Yara's Violent Unravell  Hex/Tmut       0%         3d3       100%        5
 Dispersal                Tloc           0%         N/A       100%        6
 Statue Form              Tmut/Erth      0%         N/A       100%        6
 Enfeeble                 Hex            0%         N/A       100%        7
 Ignition                 Fire           0%         3d3       100%        8


Dungeon Overview and Level Annotations

Branches:
Dungeon (15/15)            Temple (1/1) D:4            Lair (5/5) D:11
  Swamp (1/4) Lair:3        Snake (4/4) Lair:2        Slime (0/5) Lair:5
    Orc (2/2) D:10            Elf (0/3) Orc:2        Vaults (0/5) D:13
 Depths (0/4) D:15        Ossuary (visited)           IceCv (visited)
Gauntlet (visited)

Altars:
Ashenzari
Cheibriados
Dithmenos
Fedhas
Gozag
Hepliaklqana
Kikubaaqudgha
Makhleb
Nemelex Xobeh
Okawaru
Qazlal
Ru
Sif Muna
Trog
Uskayaw
Vehumet
Wu Jian
Xom
Yredelemnul
Jiyva

Shops:
Orc:2 *(:[   Snake:1 ([   Snake:3 =

Annotations:
D:9 3 runed translucent doors, Olga's ghost, novice HuFi
Lair:2 exclusion: oklob plant
Lair:3 Gastronok
Lair:5 3 runed translucent doors, Zigma's ghost, journeyman OpSu
Snake:1 Asterion


Innate Abilities, Weirdness & Mutations

You are a vampire bat.
You are tiny and dextrous.
You move quickly.
You are flying.
You are immune to poison.
Your equipment is almost entirely melded.
You are incapable of wielding weapons or throwing items.
You cannot cast spells.
You do not regenerate when monsters are visible.
You are frail without blood (-20% HP).
You can heal yourself when you bite living creatures.
You are immune to poison.
You have razor-sharp teeth.
You have supernaturally acute eyesight. (SInv)
You are afflicted with vampirism and can become a bat while bloodless.


Message History

The naga hits your butterfly with a +2 hand axe of electrocution!
Your butterfly dies!
Your butterfly disappears in a burst of colours!
The naga barely misses your butterfly.
You swap places.
The salamander tyrant gazes fiercely through you!
You feel your attacks grow feeble.
The naga sharpshooter gestures wildly while chanting.
The naga sharpshooter unwields a +0 trident.
The naga sharpshooter wields a +0 arbalest.
The naga sharpshooter mumbles some strange words.
The naga sharpshooter magically shoots a bolt.
The bolt hits you!!
* * * LOW HITPOINT WARNING * * *
Something hits your butterfly!
Your butterfly dies!
Your butterfly disappears in a burst of colours!
Okay, then.
Blink to where?
Press: ? - help, Dir - move target
As you read the scroll of blinking, it crumbles to dust.
Something closely misses your butterfly.
Something barely misses your butterfly.
You swap places.
A guardian serpent comes into view.
As you read the scroll of teleportation, it crumbles to dust.
You feel strangely unstable.
The guardian serpent coils itself and waves its upper body at you.
The naga sharpshooter blinks!
The salamander tyrant blinks into view!
You feel better.
Your butterfly disappears in a burst of colours!
The guardian serpent coils itself and waves its upper body at you.
Your butterfly seems to slow down.
The naga sharpshooter gestures wildly while chanting.
The naga sharpshooter magically shoots a bolt.
The bolt completely misses you.
The guardian serpent hits something!!
The salamander tyrant hits you.
* * * LOW HITPOINT WARNING * * *
You are engulfed in flames!!
You die...

#............8...8#...
##..........##...#####
..#........##...##
#.<.######.....####
.....##.b##.....##..
..####.)S....⌠......
.##..bb...8.....8...
#NN.#....#.....#...
#.b###bb###...###..
##..##...# ##'## #..
#b..##.NN###†..# #§.
##bb####b###.....###.
##....#bbb###..8..###.
#....b)bbbb###...###..
#....##'##bb.###'###...
#...##..b##..##...##..#
##..#.....#b.#§☼☼..#..#


You could see a naga sharpshooter (ally target), a salamander tyrant and a
guardian serpent (ally target).

Vanquished Creatures
  Jorgrun (Snake:1)
  Rupert (D:13)
  2 quicksilver dragons (Snake:4)
  Agnes (Snake:3)
  3 nagarajas
  Donald (Snake:3)
  Aizul (Snake:3)
  Louise (D:15)
  An orc warlord (Orc:2)
  A very ugly thing (D:14)
  Nessos (D:15)
  Josephine (D:15)
  An ice dragon (D:12)
  4 hydras
  Erolcha (D:13)
  2 centaur warriors (D:13)
  2 salamander tyrants
  10 anacondas
  A two-headed ogre (D:12)
  6 naga warriors
  10 death yaks
  2 boulder beetles
  Nergalle (Orc:2)
  2 orc high priests (Orc:2)
  10 naga sharpshooters
  Urug (D:13)
  6 shock serpents
  Amaemon (D:8)
  A salamander mystic (Snake:3)
  A glowing orange brain (shapeshifter) (D:13)
  5 naga ritualists
  5 orc knights
  A lindwurm (Lair:5)
  Pikel (D:5)
  11 salamanders
  6 deep elf pyromancers
  4 manticores
  A worldbinder (Gauntlet)
  3 orc sorcerers (Orc:2)
  7 mana vipers
  4 cyclopes
  A moth of wrath (Gauntlet)
  22 ugly things
  12 naga magi
  9 elephants
  5 guardian serpents
  25 black mambas
  2 molten gargoyles (Lair:5)
  An orange demon (D:8)
  8 cane toads
  2 gargoyles
  Maggie (Lair:2)
  An unseen horror (D:12)
  A rime drake (shapeshifter) (D:15)
  7 rime drakes
  6 kobold demonologists
  9 komodo dragons
  A troll (shapeshifter) (D:15)
  A tyrant leech (Lair:3)
  8 polar bears
  6 trolls
  7 blink frogs
  Sigmund (D:2)
  A shadow (D:11)
  3 slime creatures (D:14)
  A vampire (D:13)
  5 wyverns
  5 wraiths
  16 humans (D:13)
  41 yaks
  3 basilisks
  2 steam dragons (D:9)
  3 wargs
  17 nagas
  A swamp worm (Lair:3)
  8 vampire mosquitoes
  12 water moccasins
  4 hell hounds (Lair:5)
  3 acid dragons
  3 ice beasts
  29 orc warriors
  2 sky beasts
  A black bear (Lair:3)
  6 ogres
  A boggart (Gauntlet)
  16 wolves
  11 centaurs
  A lemure (D:5)
  6 kobold brigands
  17 bullfrogs
  An elf zombie (Ossuary)
  3 gnoll sergeants
  A necrophage (D:4)
  5 scorpions
  11 wights
  3 howler monkeys
  6 lava snakes
  3 centaur zombies (Ossuary)
  A human zombie (Ossuary)
  A jelly (D:4)
  13 orc priests
  3 hounds
  6 iguanas
  22 orc wizards
  2 mummies (Ossuary)
  7 gnolls
  2 adders
  A river rat (D:11)
  An ufetubus (D:4)
  58 orcs
  6 ball pythons
  9 endoplasms
  2 giant cockroaches
  2 goblins
  11 hobgoblins
  7 jackals
  36 kobolds
  3 quokkas
  3 bats
  5 frilled lizards
  A goblin zombie (Ossuary)
  14 hobgoblin zombies (Ossuary)
  A jackal zombie (Ossuary)
  5 kobold zombies (Ossuary)
  9 orc zombies (Ossuary)
  3 rats
  2 rat zombies (Ossuary)
748 creatures vanquished.

Vanquished Creatures (others)
  A nagaraja (Snake:4)
  A lava snake (Lair:2)
  21 fungi
  30 plants
53 creatures vanquished.

Grand Total: 801 creatures vanquished

Notes
Turn   | Place    | Note
-------+----------+-------------------------------------------
     0 | D:1      | RepoMan the Vampire Monk began the quest for the Orb.
     0 | D:1      | Reached XP level 1. HP: 17/17 MP: 1/1
   222 | D:1      | Reached XP level 2. HP: 23/23 MP: 2/2
   238 | D:1      | Found a faded altar of an unknown god.
   338 | D:1      | Reached skill level 4 in Unarmed Combat
   711 | D:2      | Gained mutation: You are afflicted with vampirism and can
                  | become a bat while bloodless. [Vampire growth]
   711 | D:2      | Reached XP level 3. HP: 29/29 MP: 3/3
   763 | D:2      | Noticed Sigmund
  1636 | D:3      | Found a hide-covered altar of Uskayaw.
  1792 | D:3      | Reached XP level 4. HP: 28/28 MP: 4/4
  2012 | D:4      | Noticed an ice beast
  2028 | D:4      | Killed an ice beast
  2029 | D:4      | Reached skill level 5 in Unarmed Combat
  2029 | D:4      | Reached XP level 5. HP: 32/32 MP: 5/5
  2082 | D:4      | Found a staircase to the Ecumenical Temple.
  2090 | Temple   | Entered the Ecumenical Temple
  2583 | D:4      | Reached XP level 6. HP: 24/37 MP: 6/6
  2831 | D:4      | Found a hazy altar of Hepliaklqana.
  2989 | D:4      | Reached skill level 5 in Stealth
  3110 | D:5      | Entered Level 5 of the Dungeon
  3418 | D:5      | Reached skill level 6 in Unarmed Combat
  3622 | D:5      | Noticed Pikel
  3628 | D:5      | Noticed a water moccasin
  3653 | D:5      | Killed a water moccasin
  3654 | D:5      | Reached skill level 5 in Dodging
  3654 | D:5      | Reached skill level 1 in Evocations
  3654 | D:5      | Reached XP level 7. HP: 24/41 MP: 7/7
  3655 | D:5      | Killed Pikel
  3656 | D:5      | Reached skill level 8 in Unarmed Combat
  3656 | D:5      | Reached XP level 8. HP: 27/46 MP: 8/8
  4186 | D:5      | Reached skill level 9 in Unarmed Combat
  4344 | D:6      | You are sucked into a shaft and drop 3 floors!
  4666 | D:8      | Found a sand-covered staircase.
  4672 | Ossuary  | Entered an ossuary
  5492 | D:7      | Reached skill level 10 in Unarmed Combat
  5492 | D:7      | Reached XP level 9. HP: 51/51 MP: 9/9
  6027 | D:7      | Reached skill level 11 in Unarmed Combat
  6599 | D:6      | Found a shadowy altar of Dithmenos.
  6827 | D:6      | Found a blossoming altar of Fedhas.
  6928 | D:6      | Found a radiant altar of Vehumet.
  6991 | D:6      | Reached skill level 12 in Unarmed Combat
  7011 | D:6      | Found an ancient bone altar of Kikubaaqudgha.
  7011 | D:6      | Found an opulent altar of Gozag.
  7581 | D:7      | Reached XP level 10. HP: 56/56 MP: 10/10
  7661 | D:8      | Noticed Amaemon
  7661 | D:8      | Noticed an orange demon
  8333 | D:9      | Found a shimmering blue altar of Sif Muna.
  8923 | D:8      | Reached skill level 13 in Unarmed Combat
  9764 | D:9      | Found a runed translucent gate.
  9764 | D:9      | Found a runed translucent gate.
  9764 | D:9      | Found a runed translucent gate.
  9765 | D:9      | Noticed Olga's ghost (novice HuFi)
  9989 | D:10     | Entered Level 10 of the Dungeon
 10047 | D:10     | Noticed a gargoyle
 10695 | D:10     | Found an ornate altar of the Wu Jian Council.
 10705 | D:10     | Became a worshipper of the Wu Jian Council
 10705 | D:10     | Reached * piety under Wu Jian
 10705 | D:10     | Reached ** piety under Wu Jian
 10718 | D:10     | Noticed a red ugly thing
 10780 | D:10     | Reached skill level 10 in Dodging
 11161 | D:10     | Found a staircase to the Orcish Mines.
 11477 | D:10     | Reached XP level 11. HP: 49/62 MP: 11/11
 11734 | D:11     | Noticed a green ugly thing
 12021 | D:11     | Killed a green ugly thing
 12022 | D:11     | Reached skill level 14 in Unarmed Combat
 12395 | D:11     | Noticed a death yak
 12396 | D:11     | Noticed a death yak
 12591 | D:11     | Reached skill level 5 in Fighting
 12591 | D:11     | Reached skill level 5 in Evocations
 12651 | D:11     | Found a staircase to the Lair.
 12699 | D:11     | Noticed a death yak
 12722 | D:11     | Identified the +1 robe of the Red God {+Inv rPois Regen+}
 12756 | Lair:1   | Entered Level 1 of the Lair of Beasts
 13746 | Lair:2   | Noticed Maggie
 13929 | Lair:2   | You are sucked into a shaft and drop 2 floors!
 14137 | Lair:3   | Found a staircase to the Swamp.
 14363 | Lair:2   | Reached skill level 15 in Unarmed Combat
 14436 | Lair:2   | Found a hazy altar of Hepliaklqana.
 14436 | Lair:2   | Noticed an oklob plant
 14835 | Lair:2   | Killed Maggie
 14853 | Lair:2   | Found a staircase to the Snake Pit.
 15612 | Lair:3   | Reached *** piety under Wu Jian
 15814 | Lair:3   | Noticed Gastronok
 16290 | Lair:3   | Reached XP level 12. HP: 71/71 MP: 12/12
 16432 | Lair:4   | Noticed a four-headed hydra
 16509 | Lair:4   | Killed a four-headed hydra
 16550 | Lair:4   | Reached skill level 16 in Unarmed Combat
 17488 | Lair:5   | Entered Level 5 of the Lair of Beasts
 18468 | Lair:5   | Noticed a death yak
 18469 | Lair:5   | Noticed a death yak
 18590 | Lair:5   | Noticed a death yak
 18591 | Lair:5   | Noticed a death yak
 18624 | Lair:5   | Found a runed translucent door.
 18632 | Lair:5   | Noticed Zigma's ghost (journeyman OpSu)
 18648 | Lair:5   | Reached skill level 17 in Unarmed Combat
 19808 | Lair:4   | Killed a death yak
 19911 | Lair:5   | Noticed a six-headed hydra
 19918 | Lair:5   | Killed a six-headed hydra
 19963 | Lair:5   | Noticed a four-headed hydra
 19965 | Lair:5   | Found a viscous altar of Jiyva.
 19966 | Lair:5   | Found a staircase to the Slime Pits.
 19975 | Lair:5   | Killed a four-headed hydra
 20177 | Lair:5   | Reached XP level 13. HP: 78/78 MP: 13/13
 20281 | Lair:5   | Found a large runed translucent door.
 20305 | Lair:5   | Found a large runed translucent door.
 20314 | Lair:5   | Noticed a fire dragon
 21099 | Lair:5   | Reached **** piety under Wu Jian
 21604 | Orc:1    | Entered Level 1 of the Orcish Mines
 21652 | Orc:1    | Reached skill level 18 in Unarmed Combat
 22113 | Orc:2    | Entered Level 2 of the Orcish Mines
 22358 | Orc:2    | Found a gate leading to a gauntlet.
 22371 | Gauntlet | Entered a Gauntlet
 22371 | Gauntlet | Found a transporter.
 22378 | Gauntlet | Found a transporter.
 22381 | Gauntlet | Found a transporter.
 22382 | Gauntlet | Found a transporter.
 22388 | Gauntlet | Found a runed translucent gate.
 22388 | Gauntlet | Found a runed translucent gate.
 22388 | Gauntlet | Found a runed translucent gate.
 22390 | Gauntlet | Found a transporter.
 22393 | Gauntlet | Found a transporter.
 22394 | Gauntlet | Found a transporter.
 22405 | Gauntlet | Found a transporter.
 22405 | Gauntlet | Found a transporter.
 22405 | Gauntlet | Noticed a minotaur
 22406 | Gauntlet | Found a transporter.
 22410 | Gauntlet | Found a runed translucent door.
 22412 | Gauntlet | Found a runed translucent door.
 22414 | Gauntlet | Found a transporter.
 22417 | Gauntlet | Found a transporter.
 22418 | Gauntlet | Found a transporter.
 22426 | Gauntlet | Found a transporter.
 22638 | Gauntlet | Identified the amulet of the Death Scarab {Faith SInv}
 22722 | Orc:2    | Noticed Nergalle
 22750 | Orc:2    | Killed Nergalle
 22933 | Orc:2    | Noticed an orc warlord
 22935 | Orc:2    | Reached ***** piety under Wu Jian
 22946 | Orc:2    | Killed an orc warlord
 23208 | Orc:2    | Found Uddavec's Antique Weapon Boutique.
 23372 | Orc:2    | Found Hufovim's Book Boutique.
 23383 | Orc:2    | Found Loddus's Antique Armour Boutique.
 23389 | Orc:2    | Found Genk's General Store.
 23435 | Orc:2    | Bought 2 potions of berserk rage for 140 gold pieces
 23484 | Orc:2    | Bought a wand of paralysis (7) for 235 gold pieces
 23484 | Orc:2    | Bought a wand of flame (14) for 137 gold pieces
 23646 | Orc:2    | Found a staircase to the Elven Halls.
 23845 | Orc:1    | Noticed an orc warlord
 24117 | D:11     | Reached skill level 19 in Unarmed Combat
 24432 | D:12     | Reached XP level 14. HP: 87/87 MP: 14/14
 25088 | D:12     | Found a frozen archway.
 25149 | IceCv    | Entered an ice cave
 25192 | IceCv    | Reached skill level 10 in Fighting
 25527 | IceCv    | Noticed a frost giant
 26529 | D:13     | Noticed Rupert
 26529 | D:13     | Noticed Urug
 26529 | D:13     | Found a gate to the Vaults.
 26533 | D:13     | Reached skill level 20 in Unarmed Combat
 26533 | D:13     | Killed Rupert
 26533 | D:13     | Killed Urug
 26648 | D:13     | Found a stormy altar of Qazlal.
 27007 | D:13     | Noticed Erolcha
 27011 | D:13     | Killed Erolcha
 28220 | D:14     | Reached XP level 15. HP: 46/93 MP: 15/15
 28711 | D:15     | Entered Level 15 of the Dungeon
 28781 | D:15     | Noticed Louise
 28824 | D:15     | Found a staircase to the Depths.
 28824 | D:15     | Noticed a fire giant
 28830 | D:15     | Killed Louise
 29171 | D:15     | Noticed Nessos
 29194 | D:15     | Killed Nessos
 29392 | D:15     | Noticed Josephine
 29747 | D:15     | Killed Josephine
 29748 | D:15     | Reached skill level 21 in Unarmed Combat
 30436 | D:2      | Killed Sigmund
 30554 | D:8      | Killed Amaemon
 30871 | Swamp:1  | Entered Level 1 of the Swamp
 31034 | Snake:1  | Entered Level 1 of the Snake Pit
 31266 | Snake:1  | Noticed Jorgrun
 31272 | Snake:1  | Killed Jorgrun
 31276 | Snake:1  | Reached skill level 15 in Dodging
 31336 | Snake:1  | You are sucked into a shaft and drop 1 floor!
 32056 | Snake:1  | Found Vaidiulo's Armour Shoppe.
 32056 | Snake:1  | Found Hakhlimpa's Weapon Emporium.
 32057 | Snake:1  | Noticed Asterion
 32227 | Snake:1  | Identified the +0 leather armour of a Gauntlet {Harm rF+}
 32562 | Snake:2  | Noticed a nagaraja
 32576 | Snake:2  | Killed a nagaraja
 32740 | Snake:2  | Reached ****** piety under Wu Jian
 34205 | Snake:3  | Noticed Donald
 34208 | Snake:3  | Killed Donald
 34208 | Snake:3  | Reached XP level 16. HP: 101/101 MP: 16/16
 34256 | Snake:3  | Noticed Aizul
 34307 | Snake:3  | Killed Aizul
 34459 | Snake:3  | Found Bacim's Jewellery Boutique.
 34626 | Snake:3  | Identified the +6 short sword "Neipalirgh" {pain, SInv}
 34751 | Snake:3  | Noticed Agnes
 34761 | Snake:3  | Killed Agnes
 34964 | Snake:3  | Reached skill level 22 in Unarmed Combat
 35447 | Snake:4  | Entered Level 4 of the Snake Pit
 36663 | Snake:4  | Noticed a quicksilver dragon
 36663 | Snake:4  | Noticed a quicksilver dragon
 36665 | Snake:4  | HP: 1/103 [guardian serpent (16)]
 36779 | Snake:4  | Killed a quicksilver dragon
 36833 | Snake:4  | Killed a quicksilver dragon
 36842 | Snake:4  | Mangled by a salamander tyrant

Illustrated notes

Levels and vault maps discovered:
D:1:      dpeg_arrival_pond, layout_basic, hellmonk_ecumenical_altar_crossroads,
          chequers_arboretum
D:2:      layout_loops_ring, uniq_sigmund
D:3:      layout_loops_cross, nicolae_uskayaw_dance_hall
D:4:      minmay_spotlight, layout_basic, general_overflow_altar,
          minmay_temple_entry_wispy
D:5:      layout_basic, tso_oasis_becter, uniq_pikel
D:6:      layout_cave_pools, grunt_temple_overflow_open,
          gammafunk_temple_overflow_elements, mainiacjoe_overflow_tiny_flanked,
          serial_glass, glass_columns_b, glass_columns_b, feat_on_display,
          feat_on_display, feat_on_display, grunt_ministairs_9,
          kennysheep_generic_room_11
D:7:      layout_loops_ring
D:8:      layout_loops_corners, nicolae_ossuary_entry_plus, uniq_amaemon
D:9:      layout_long_grid, mainiacjoe_overflow_swirl, gammafunk_ghost_spectres
D:10:     layout_irregular_city, nicolae_wu_jian_immortal_techniques,
          orc_0_dummy, nrook_mini_backslash, minmay_chambers_of_fives
D:11:     layout_basic, dpeg_lair_monsters
D:12:     layout_loops_ring, portal_ice_cave_entry_animals_and_master
D:13:     layout_irregular_city, david_vaults_3,
          nicolae_qazlal_scattered_showers, uniq_erolcha
D:14:     layout_gridville, hex_medium
D:15:     grunt_enter_depths_giant_problem, layout_small_grid, uniq_louise,
          uniq_josephine, uniq_nessos
Temple:   dpeg_chambers_temple
Lair:1:   layout_roguey, serial_bayou_shore_b
Lair:2:   layout_cave_pods, nicolae_snake_entry_warm_welcome,
          serial_bayou_pond_e, lemuel_oklob_altar, uniq_maggie
Lair:3:   layout_regular_city, minmay_swamp_entry_worms, beast_lair_carwin_9,
          lemuel_fruit_tree, uniq_gastronok
Lair:4:   layout_hall_layers, wad_woods_river_03
Lair:5:   cheibrodos_lair_end_hotspot, layout_regular_city,
          dpeg_slime_entry_corner, ebering_ghost_reflecting_pool,
          serial_bayou_shore_b
Swamp:1:  layout_basic_swamp, nicolae_swamp_ascending_descending
Snake:1:  layout_misc_corridors, minmay_shoptagon, serial_bayou_shore_b,
          uniq_jorgrun, uniq_asterion
Snake:2:  layout_layer_cave
Snake:3:  layout_concentric_octagons, serial_shops, nicolae_shop_statue_plus,
          uniq_aizul, uniq_agnes, uniq_donald
Snake:4:  hellmonk_snake_rune_quicksilver_temple, layout_misc_corridors,
          special_room, nicolae_snake_yet_another_twisty_hallway
Orc:1:    layout_caves
Orc:2:    grunt_orc_cross, layout_diamond_mine, gauntlet_entry_generic

Skill      XL: |  1  2  3  4  5  6  7  8  9 10 11 12 13 14 15 16 |
---------------+-------------------------------------------------+-----
Unarmed Combat | 4 5 6 8 10 12 13 15 17 19 20 21 22 | 22.4
Fighting       | 3 4 6 8 9 10 11 12 | 12.6
Dodging        | 4 5 7 9 10 11 13 14 15 16 | 16.0
Stealth        | 4 5 7 |  7.7
Evocations     | 1 2 3 4 5 6 7 8 9 |  9.7

Action                     |  1- 3 |  4- 6 |  7- 9 | 10-12 | 13-15 | 16-18 || total
---------------------------+-------+-------+-------+-------+-------+-------++-------
  Melee: Unarmed           |   125 |   121 |   452 |   921 |  1275 |   298 ||  3192
         Bite              |    10 |    19 |    78 |   194 |   231 |    53 ||   585
  Throw: Stone             |     5 |       |       |       |       |       ||     5
 Invoke: Serpent's Lash    |       |       |       |     4 |    28 |     6 ||    38
         Heavenly Storm    |       |       |       |       |       |     1 ||     1
Ability: Bat Form          |     1 |       |       |       |       |       ||     1
         Exsanguinate      |     1 |       |       |       |       |       ||     1
         Whirlwind         |       |       |       |   103 |   204 |    53 ||   360
         Lunge             |       |       |       |    88 |   170 |    34 ||   292
         Wall Jump         |       |       |       |    11 |    13 |     1 ||    25
  Evoke: Wand              |       |    11 |     5 |    29 |    31 |    10 ||    86
         Condenser vane    |       |       |       |       |     5 |     1 ||     6
    Use: Scroll            |       |     4 |     5 |    11 |    15 |    10 ||    45
         Potion            |       |       |       |     3 |     9 |     7 ||    19
   Stab: Sleeping          |    14 |     5 |    19 |    21 |    39 |    11 ||   109
         Distracted        |       |       |     4 |     4 |     9 |     2 ||    19
         Invisible         |       |       |       |     3 |    16 |       ||    19
         Paralysed         |       |       |       |       |     6 |     4 ||    10
 Armour: Robe              |     7 |       |       |       |       |       ||     7
  Dodge: Dodged            |    72 |    77 |   398 |   665 |   828 |   228 ||  2268
  Block: Other             |       |       |       |       |       |    17 ||    17
         Reflection        |       |       |       |       |       |     2 ||     2

Table legend: (Time is in decaauts)
 A = Elapsed time spent in this place.
 B = Non-inter-level travel time spent in this place.
 C = Inter-level travel time spent in this place.
 D = Time resting spent in this place.
 E = Time spent auto-exploring this place.
 F = Levels seen in this place.
 G = Mean time per level.
                   A        B        C        D        E       F      G
               +--------+--------+--------+--------+--------+-----+--------+
         Total |  27516 |  26498 |   1018 |   9651 |   7227 |  31 |  887.6 |
       Dungeon |  12865 |  12176 |    689 |   3422 |   3994 |  15 |  857.7 |
        Temple |    130 |    127 |      3 |      0 |     86 |   1 |  130.0 |
          Lair |   6772 |   6560 |    212 |   2833 |   1834 |   5 | 1354.4 |
         Swamp |      1 |      1 |      0 |      0 |      0 |   1 |    1.0 |
     Snake Pit |   4484 |   4427 |     57 |   2178 |   1051 |   4 | 1121.0 |
  Orcish Mines |   1515 |   1460 |     55 |    434 |    262 |   2 |  757.5 |
       Ossuary |    475 |    475 |      0 |     88 |      0 |   1 |  475.0 |
      Ice Cave |   1044 |   1044 |      0 |    644 |      0 |   1 | 1044.0 |
      Gauntlet |    226 |    226 |      0 |     50 |      0 |   1 |  226.0 |
               +--------+--------+--------+--------+--------+-----+--------+

Top non-repeatable levels by time:
  Lair:5: 2052 daAuts
 Snake:2: 1724 daAuts
  Lair:4: 1595 daAuts
 Snake:3: 1394 daAuts
    D:10: 1379 daAuts
     D:9: 1295 daAuts
  Lair:3: 1268 daAuts
     D:8: 1244 daAuts
  Lair:2: 1125 daAuts
   IceCv: 1044 daAuts
     D:5: 1041 daAuts
    D:14: 975 daAuts
    D:15: 927 daAuts
 Snake:4: 880 daAuts
   Orc:2: 874 daAuts
